 Dungeon Crawl Stone Soup version 0.32-a0-481-g9ce6b883f8 (webtiles) character file.

Game seed: 12611724880407274553

1605375 nakedcarnage the Acrobat (level 27, 186/186 HPs)
             Began as an Octopode Wanderer on Feb 26, 2024.
             Was the Champion of Hepliaklqana.
             Escaped with the Orb
             ... and 3 runes!
             The game lasted 02:47:49 (77563 turns).

nakedcarnage the Acrobat (Octopode Wanderer)       Turns: 77563, Time: 02:47:50

Health: 186/186    AC:  7    Str: 30    XL:     27
Magic:  36/36      EV: 43    Int: 38    God:    Hepliaklqana [******]
Gold:   2597       SH: 23    Dex: 35    Spells: 1/44 levels left

rFire   + + .        O - +8 trident "Lagel" {flame, rPois rF+ Str-2 Dex+5}
rCold   . . .        G - +5 kite shield {reflect}
rNeg    + . .        d - +2 hat of Fiymaung {Rampage rPois Will+ Str-4}
rPois   +            w - amulet of regeneration
rElec   +            h - ring of the Suburbs {Int+6 Dex+4 SInv}
rCorr   .            a - ring "Lux Utor" {Str+6 Int+6 Slay+3 Stlth+}
SInv    +            x - ring "Zip Woje" {rElec AC+4 Int+2}
Will    ++++.        H - ring of Tiwk {rN+ Str+6}
Stlth   +++          e - +6 ring of dexterity
HPRegen 1.31/turn    r - ring of Makhleb's Whim {Str+6 Slay+5}
MPRegen 0.25/turn    X - +6 ring of dexterity
                     R - ring "Duytt" {rF+ Will+ Int+3 Dex+2}

%: reflection, rampage
@: maw-form, studying 2 skills
A: devouring maw, reduced essence, almost no armour, amphibious, 8 rings,
camouflage 1, gelatinous body 1, (nimble swimmer 1), tentacles, mutation
resistance 1, screaming 1
0: Orb of Zot
}: 3/15 runes: decaying, slimy, gossamer
a: Begin Untransformation, Renounce Religion, Recall Ancestor, Ancestor
Identity, Transference, Idealise


You escaped.
You worshipped Hepliaklqana.
Hepliaklqana was exalted by your worship.
You were a creature with a mouth for a stomach.
You visited 12 branches of the dungeon, and saw 55 of its levels.
You also visited: Bailey, Ice Cave and Volcano.

You collected 10098 gold pieces.
You spent 7501 gold pieces at shops.

Inventory:

Hand Weapons
 t - a +3 vampiric trident
 O - the +8 trident "Lagel" (weapon) {flame, rPois rF+ Str-2 Dex+5}
   (You found it on level 9 of the Dungeon)

   Str-2:     It affects your strength (-2).
   Dex+5:     It affects your dexterity (+5).
   rF+:       It protects you from fire.
   rPois:     It protects you from poison
 S - a +9 demon trident of freezing
Missiles
 i - a throwing net {!f}
Armour
 d - the +2 hat of Fiymaung (worn) {Rampage rPois Will+ Str-4}
   (You found it on level 3 of the Spider Nest)

   Str-4:     It affects your strength (-4).
   rPois:     It protects you from poison Will+: It increases your willpower.
   Rampage:   It bestows one free step when moving towards enemies.
 n - the +18 shield of the Gong {Loud rN+ Will+ rCorr EV-5}
   (You acquired it on level 3 of the Swamp)

   Loud:      It is deafeningly noisy when blocking attacks.
   EV-5:      It affects your evasion (-5).
   rN+:       It protects you from negative energy.
   Will+:     It increases your willpower.
   rCorr:     It protects you from acid and corrosion.
 G - a +5 kite shield of reflection (worn)
 M - the +0 mask of the Dragon {Will+ Slay+3 SInv}
   (You found it on level 2 of the Depths)

   Slay+3:    It affects your accuracy & damage with ranged weapons and melee
   (+3).
   Will+:     It increases your willpower.
   SInv:      It lets you see invisible.
Magical Staves
 Y - a staff of air
Jewellery
 a - the ring "Lux Utor" (right tentacle) {Str+6 Int+6 Slay+3 Stlth+}
   (You took it off a skeletal warrior on level 3 of the Crypt)

   [ring of strength]

   Str+6:     It affects your strength (+6).
   Int+6:     It affects your intelligence (+6).
   Slay+3:    It affects your accuracy & damage with ranged weapons and melee
   (+3).
   Stlth+:    It makes you more stealthy.
 c - a ring of fire
 e - a +6 ring of dexterity (on tentacle)
 h - the ring of the Suburbs (left tentacle) {Int+6 Dex+4 SInv}
   (You found it on level 2 of the Crypt)

   [ring of intelligence]

   Int+6:     It affects your intelligence (+6).
   Dex+4:     It affects your dexterity (+4).
   SInv:      It lets you see invisible.
 l - a ring of wizardry
 o - a ring of flight
 r - the ring of Makhleb's Whim (on tentacle) {Str+6 Slay+5}
   (You found it on level 5 of the Pits of Slime)

   [ring of strength]

   Str+6:     It affects your strength (+6).
   Slay+5:    It affects your accuracy & damage with ranged weapons and melee
   (+5).
 s - a +5 ring of evasion
 v - the ring of Biarept {rPois rCorr Str+5 Stlth+}
   (You bought it in a shop on level 2 of the Elven Halls)

   [ring of poison resistance]

   Str+5:     It affects your strength (+5).
   rPois:     It protects you from poison rCorr: It protects you from acid and
   corrosion.
   Stlth+:    It makes you more stealthy.
 w - an amulet of regeneration (around mantle)
 x - the ring "Zip Woje" (on tentacle) {rElec AC+4 Int+2}
   (You found it on level 2 of the Crypt)

   [ring of protection]

   AC+4:      It affects your AC (+4).
   Int+2:     It affects your intelligence (+2).
   rElec:     It insulates you from electricity.
 z - a +4 ring of protection
 H - the ring of Tiwk (on tentacle) {rN+ Str+6}
   (You acquired it on level 12 of the Dungeon)

   [ring of strength]

   Str+6:     It affects your strength (+6).
   rN+:       It protects you from negative energy.
 L - a ring of protection from cold
 R - the ring "Duytt" (on tentacle) {rF+ Will+ Int+3 Dex+2}
   (You bought it in a shop on level 1 of the Depths)

   [ring of protection from fire]

   Int+3:     It affects your intelligence (+3).
   Dex+2:     It affects your dexterity (+2).
   rF+:       It protects you from fire.
   Will+:     It increases your willpower.
 U - a ring of willpower
 X - a +6 ring of dexterity (on tentacle)
Wands
 g - a wand of paralysis (56)
 p - a wand of digging (35) {@v3}
 u - a wand of light (44)
 I - a wand of iceblast (39) {@v2}
Scrolls
 m - 18 scrolls of teleportation {@r3}
 y - 5 scrolls of fog
 A - 9 scrolls of fear
 N - a scroll of enchant weapon
 P - 7 scrolls of blinking {@r4}
 V - 2 scrolls of silence
 Z - 4 scrolls of summoning
Potions
 f - 23 potions of curing {@q1}
 j - 8 potions of lignification
 k - 11 potions of enlightenment
 B - 17 potions of might {@q3}
 C - 3 potions of magic
 D - 8 potions of mutation
 E - 4 potions of invisibility
 F - 5 potions of cancellation
 J - 7 potions of haste {@q4}
 K - 10 potions of heal wounds {@q2}
 Q - 2 potions of resistance {@q5}
 W - 5 potions of ambrosia
Miscellaneous
 b - a lightning rod (4/4)
 q - a sack of spiders
 T - a condenser vane


   Skills:
 - Level 22.0 Fighting
 - Level 13.7(16.8) Axes
 - Level 15.9(18.0) Polearms
 + Level 22.5 Dodging
 - Level 10.2 Stealth
 - Level 15.0 Shields
 - Level 9.0 Spellcasting
 - Level 3.0 Hexes
 - Level 17.9 Summonings
 - Level 10.0 Translocations
 - Level 5.0 Ice Magic
 - Level 3.5 Air Magic
 - Level 11.0 Invocations
 * Level 14.7 Evocations
 - Level 13.0 Shapeshifting


You had one spell level left.
You knew the following spells:

 Your Spells              Type           Power      Damage    Failure   Level
a - Summon Forest         Summ/Tloc      44%        N/A       1%          5
b - Passage of Golubria   Tloc           75%        N/A       1%          4
c - Apportation           Tloc           100%       N/A       1%          1
d - Monstrous Menagerie   Summ           50%        N/A       1%          7
e - Ozocubu's Armour      Ice            53%        N/A       1%          3
f - Blink                 Tloc           100%       N/A       1%          2
g - Manifold Assault      Tloc           75%        N/A       1%          4
h - Lesser Beckoning      Tloc           100%       N/A       1%          2
i - Summon Mana Viper     Hex/Summ       77%        N/A       1%          5
j - Summon Cactus Giant   Summ           50%        N/A       1%          6
k - Vhi's Electric Charg  Tloc/Air       100%       N/A       1%          4

Your spell library contained the following spells:

 Spells                   Type           Power      Damage    Failure   Level
 Summon Small Mammal      Summ           100%       N/A       0%          1
 Freeze                   Ice            100%       1d10      1%          1
 Magic Dart               Conj           68%        1d6       3%          1
 Necrotise                Necr           68%        1d7       3%          1
 Sting                    Conj/Alch      68%        1d7       3%          1
 Call Imp                 Summ           100%       N/A       0%          2
 Call Canine Familiar     Summ           100%       N/A       0%          3
 Ensorcelled Hibernation  Hex/Ice        94%        N/A       1%          2
 Jinxbite                 Hex            78%        N/A       1%          2
 Momentum Strike          Conj/Tloc      100%       3d10      1%          2
 Frozen Ramparts          Ice            100%       1d16      1%          3
 Gell's Gravitas          Tloc           75%        N/A       1%          3
 Summon Ice Beast         Ice/Summ       81%        N/A       1%          3
 Teleport Other           Tloc           75%        N/A       1%          3
 Volatile Blastmotes      Fire/Tloc      100%       2d18      1%          3
 Dimensional Bullseye     Hex/Tloc       30%        N/A       1%          4
 Martyr's Knell           Necr/Summ      71%        N/A       1%          4
 Summon Blazeheart Golem  Fire/Summ      71%        N/A       1%          4
 Summon Lightning Spire   Summ/Air       78%        N/A       1%          4
 Summon Hydra             Summ           50%        N/A       1%          7
 Cigotuvi's Dreadful Rot  Necr/Alch/Air  52%        N/A       2%          2
 Mercury Vapours          Alch/Air       60%        N/A       2%          2
 Static Discharge         Conj/Air       60%        3-6/arc   2%          2
 Tukima's Dance           Hex            39%        N/A       2%          3
 Hailstorm                Conj/Ice       36%        3d9       3%          3
 Iskenderun's Mystic Bla  Conj/Tloc      53%        2d11      3%          4
 Sublimation of Blood     Necr           17%        N/A       4%          2
 Dazzling Flash           Conj/Hex       56%        N/A       4%          3
 Inner Flame              Hex/Fire       28%        N/A       4%          3
 Mephitic Cloud           Conj/Alch/Air  26%        N/A       5%          3
 Airstrike                Air            22%        2d(4-20)  7%          4
 Dispersal                Tloc           37%        N/A       8%          6
 Fugue of the Fallen      Necr           17%        N/A       9%          3
 Vampiric Draining        Necr           17%        2d7       9%          3
 Cause Fear               Hex            19%        N/A       9%          4
 Malign Gateway           Summ/Tloc      44%        N/A       9%          7
 Summon Horrible Things   Summ           50%        N/A       13%         8
 Anguish                  Hex/Necr       14%        N/A       16%         4
 Metabolic Englaciation   Hex/Ice        23%        N/A       16%         5
 Freezing Cloud           Conj/Ice/Air   19%        6-21      26%         5
 Animate Dead             Necr           17%        N/A       30%         4
 Dispel Undead            Necr           17%        3d10      30%         4
 Flame Wave               Conj/Fire      17%        2d7       30%         4
 Fulminant Prism          Conj/Alch      8%         3d6       30%         4
 Ignite Poison            Fire/Alch      17%        N/A       30%         4
 Leda's Liquefaction      Alch/Erth      8%         N/A       30%         4
 Olgreb's Toxic Radiance  Alch           17%        N/A       30%         4
 Petrify                  Alch/Erth      17%        N/A       30%         4
 Sticky Flame             Fire/Alch      17%        2d5       30%         4
 Arcjolt                  Conj/Air       15%        1d25      38%         5
 Yara's Violent Unravell  Hex/Alch       14%        3d7       41%         5
 Alistair's Intoxication  Alch           11%        N/A       63%         5
 Borgnjor's Vile Clutch   Necr/Erth      8%         N/A       63%         5
 Curse of Agony           Necr           17%        N/A       63%         5
 Irradiate                Conj/Alch      8%         3d14      63%         5
 Lee's Rapid Deconstruct  Erth           8%         3d7*      63%         5
 Sculpt Simulacrum        Ice/Alch       18%        N/A       86%         6
 Plasma Beam              Fire/Air       15%        2x1d26    92%         6
 Bombard                  Conj/Erth      8%         9d2       99%         6
 Death Channel            Necr           8%         N/A       99%         6
 Eringya's Noxious Bog    Alch           8%         4d6       99%         6
 Starburst                Conj/Fire      8%         6d4       99%         6
 Maxwell's Capacitive Co  Air            22%        ∞         100%        8


Dungeon Overview and Level Annotations

Branches:
Dungeon (15/15)            Temple (1/1) D:4            Lair (5/5) D:9
  Swamp (4/4) Lair:2       Spider (4/4) Lair:3        Slime (5/5) Lair:4
    Orc (2/2) D:9             Elf (3/3) Orc:2        Vaults (4/5) D:13
  Crypt (3/3) Vaults:3       Tomb (0/3) Crypt:3      Depths (4/4) D:15
    Zot (5/5) Depths:4     Bailey (visited)           IceCv (visited)
Volcano (visited)

Altars:
Ashenzari
Cheibriados
Dithmenos
Elyvilon
Fedhas
Gozag
Hepliaklqana
Kikubaaqudgha
Makhleb
Nemelex Xobeh
Okawaru
Qazlal
Ru
Sif Muna
Trog
Uskayaw
Vehumet
Wu Jian
Xom
Yredelemnul
Zin
The Shining One
Beogh
Jiyva

Shops:
D:4 (   D:9 (   D:11 :   D:12 !*?*   D:15 =[[(   Orc:1 [   Orc:2 ((***
Elf:2 =   Elf:3 **   Vaults:1 =(*   Vaults:4 (   Depths:1 =:(

Portals:
Hell: Depths:1 Depths:2 Depths:3 Depths:4
Abyss: Depths:2 Depths:3
Pandemonium: Depths:2 Depths:3
Ziggurat: Depths:2
Trove: D:10 (show slimy rune of Zot)

Annotations:
Lair:5 exclusion: oklob plant


Innate Abilities, Weirdness & Mutations

You are a creature with a mouth for a stomach.
Your midsection houses a second, enormous mouth.
Your life essence is reduced to manifest your ancestor. (-10% HP)
You cannot wear most types of armour.
You are amphibious.
You can wear up to eight rings at the same time.
Your skin changes colour to match your surroundings (Stealth+).
Your rubbery body absorbs attacks. (AC +1, EV +1)
((You are camouflaged when in or above water. (Stealth+)))
You have tentacles for arms and can constrict up to eight enemies at once.
You are somewhat resistant to further mutation.
You occasionally shout uncontrollably at your foes.


Message History

Alor hits Boris with a +0 lajatang of freezing!!
You could not reach far enough!
You are engulfed in excruciating misery.
Branches wave dangerously above you.
Boris is hit by a branch!!
Boris is destroyed!
Your dryad is engulfed in excruciating misery.
Okay, then.
Your dryad is engulfed in excruciating misery.
The trees move their gnarly branches around.
Tree limbs sway around you.
You see here the +4 robe of Xeiho {rElec rF+ rC- rN+}.
Branches wave dangerously above you. Tree limbs sway around you.
Trunks creak and shift.
Trunks creak and shift.
There is a stone staircase leading up here.
You climb upwards.
An Orb Guardian comes into view.
There is a stone staircase leading down here.
Unknown command.
You reach to attack!
You puncture the Orb Guardian! You burn the Orb Guardian.
Alor points at the Orb Guardian and mumbles some strange words.
The crystal spear hits the Orb Guardian!!!
You reach to attack!
You catch the helpless Orb Guardian completely off-guard!
You impale the Orb Guardian!! You burn the Orb Guardian.
You kill the Orb Guardian!
No target in view!
No target in view!
Magic restored.
Space becomes stable.
There is an open door here.
Ancestor HP restored.
You enter the shallow water.
Things that are here:
a +0 dagger; a kobold skeleton You enter the shallow water.
There is a staircase leading out of the dungeon here.
You have escaped!

#...........#
##.......#################
#............##..≈≈≈≈≈≈≈≈#
###..[.#...~≈......~~~≈≈≈≈#
....#..#...~)≈≈.......≈≈≈≈#
.#..#.....~~..~~~~....~~~~#
....##....~..~≈≈~.~~.....≈#
...[#......~~~≈≈R~~~....~≈#
.....#....~..~~~W~~~....~≈#
.....##....≈~.~.≈≈....~~~≈#
.....##...~.~≈~.~....~~≈~≈#
............~~......~≈≈≈≈≈#
..#......#......~~~~≈≈≈≈≈≈#
###########################


You could see the friendly Alor the battlemage.

Vanquished Creatures
  the Royal Jelly (Slime:5)
  2 dread liches (Zot:5)
  5 orbs of fire (Zot:5)
  An ancient lich (Zot:5)
  2 curse toes
  4 golden dragons
  A profane servitor (Crypt:3)
  Jory (Crypt:1)
  Nikola (Lair:3)
  A bone dragon (Crypt:3)
  2 electric golems
  A hellephant (Vaults:3)
  Rupert (Spider:1)
  2 walking crystal tomes (Depths:3)
  3 tentacled monstrosities (Zot:3)
  Jorgrun (Orc:2)
  Zenata (Crypt:2)
  4 liches
  17 Orb Guardians
  A deep elf master archer (Elf:3)
  A deep elf blademaster (Elf:3)
  2 walking frostbound tomes
  2 sphinxes
  An ancient champion (Crypt:2)
  2 titans (Depths:3)
  7 death cobs
  6 acid blobs
  2 quicksilver dragons
  Asterion (Elf:3)
  A thorn hunter (Swamp:2)
  6 storm dragons
  A shadow dragon (Zot:5)
  2 draconian monks (Zot:2)
  6 rockslimes
  2 revenants (Crypt:2)
  5 fire giants
  4 protean progenitors
  A draconian knight (Zot:5)
  7 azure jellies
  A balrug (Depths:2)
  A frost giant (Depths:4)
  An iron dragon (Depths:3)
  5 deep elf sorcerers
  A ghost moth (Zot:3)
  A caustic shrike zombie (Crypt:3)
  3 draconian scorchers
  A deep elf elementalist (Elf:1)
  2 draconian shifters
  9 vault wardens
  A curse skull (Crypt:3)
  3 emperor scorpions
  2 draconian stormcallers
  14 very ugly things
  2 reapers
  3 stone giants
  5 ironbound preservers
  8 quicksilver oozes
  5 ghouls
  A draconian annihilator (Zot:4)
  2 orc warlords
  2 formless jellyfish
  A broodmother (Spider:3)
  3 green draconians (Zot:3)
  4 eleionomae
  2 vampire knights
  2 deep elf death magi (Elf:3)
  2 black draconians
  4 deep elf annihilators (Elf:3)
  5 white draconians
  6 deep elf demonologists
  4 red draconians
  8 spark wasps
  4 purple draconians
  2 yellow draconians
  A bunyip (Swamp:4)
  5 dire elephants
  A blizzard demon (Depths:2)
  8 eidola
  A mummy priest (Crypt:3)
  4 ettins
  4 spriggan zombies (Crypt:3)
  3 crystal guardians (Vaults:3)
  2 fire dragons
  4 deep elf high priests
  9 yaktaur captains
  3 great orbs of eyes
  3 hydras
  2 jorogumos
  A peacekeeper (Vaults:3)
  A vault guard (Bailey)
  A rakshasa (Depths:3)
  7 ice dragons
  6 ironbound frosthearts
  A ghost crab (Swamp:4)
  2 sphinx zombies
  A spriggan air mage (Depths:4)
  4 alligators
  2 two-headed ogres
  9 boulder beetles
  15 dancing weapons
  8 centaur warriors
  5 death scarabs (Spider:4)
  3 death knights
  8 death yaks
  A satyr (Zot:3)
  5 tengu warriors
  4 vampire magi
  7 deep troll shamans
  3 demonic crawlers
  A titan zombie (Crypt:3)
  5 deep troll earth magi
  2 occultists
  4 hell knights
  3 orc high priests
  9 deep elf knights
  2 spriggan berserkers
  A shock serpent (Zot:2)
  A soul eater (Depths:2)
  An iron giant zombie (Crypt:3)
  A titan skeleton (Depths:2)
  2 iron trolls (Depths:1)
  A bunyip zombie (Crypt:2)
  9 skeletal warriors
  A pharaoh ant (Spider:3)
  4 spriggan druids
  3 goliath frogs
  4 orb spiders
  A large abomination (Depths:2)
  4 deep elf archers (Elf:3)
  28 deep trolls
  5 flayed ghosts
  2 arcanists
  5 necromancers
  2 thermic dynamos
  6 lindwurms
  2 swamp dragons
  2 bog bodies
  2 ironbound convokers
  A shadow demon (Elf:1)
  The ghost of Pascal76 the Chopper, a novice MiFi of Okawaru (D:9)
  Pikel (D:6)
  A shadow dragon zombie (Crypt:3)
  11 deep elf pyromancers
  11 deep elf zephyrmancers
  12 phantasmal warriors
  A lindwurm (shapeshifter) (Depths:3)
  An anaconda skeleton (Crypt:2)
  5 steelbarb worms
  14 ugly things
  7 orc knights
  2 shining eyes
  10 wolf spiders
  A broodmother zombie (Spider:4)
  2 will-o-the-wisps
  2 manticores
  A cyclops (D:13)
  2 tengu skeletons
  A frost giant zombie (Vaults:1)
  3 human zombies
  3 salamanders (Depths:2)
  A stone giant zombie (Vaults:4)
  A meliai (D:14)
  15 moths of wrath
  2 centaur zombies (Crypt:3)
  2 ice statues (IceCv)
  2 stone giant skeletons
  3 black mambas
  7 vault sentinels
  5 elephants
  An eye of devastation (Depths:2)
  An elf skeleton (Vaults:2)
  A centaur skeleton (Crypt:2)
  A molten gargoyle (Volcano)
  2 torpor snails
  Jeremiah (D:8)
  A hellion (Depths:1)
  A death yak zombie (Crypt:2)
  7 cane toads
  3 rime drakes
  2 kobold demonologists (Elf:1)
  6 freezing wraiths
  28 yaktaurs
  2 tengu conjurers
  5 ice devils (IceCv)
  7 komodo dragons
  2 guardian mummies (Crypt:3)
  A harpy zombie (Crypt:3)
  7 trolls
  A hydra zombie (Crypt:2)
  9 tyrant leeches
  A polar bear (Lair:2)
  13 tarantellas
  2 hornets
  Prince Ribbit (Bailey)
  3 spectral tarantellas (Spider:4)
  A wind drake (shapeshifter) (Elf:2)
  A fire dragon zombie (Crypt:1)
  12 blink frogs
  A blink frog (shapeshifter) (D:14)
  A spectral culicivora (Spider:4)
  A harpy skeleton (Crypt:2)
  An ettin zombie (Crypt:3)
  A stone giant simulacrum (Vaults:2)
  A dream sheep (shapeshifter) (Depths:2)
  4 jumping spiders
  5 dream sheep
  A glass eye (Depths:3)
  2 snapping turtles (Zot:3)
  29 slime creatures
  7 culicivoras
  An ushabti (Crypt:3)
  4 spriggans
  3 wyverns
  3 air elementals
  4 fire elementals
  2 water elementals
  2 wraiths (Crypt:3)
  A slime creature zombie (Crypt:1)
  A hog (Lair:3)
  A basilisk (Lair:2)
  5 fire bats
  24 yaks
  4 humans (Bailey)
  22 redbacks
  2 wargs (Orc:1)
  A death yak simulacrum (IceCv)
  A golden eye (Depths:2)
  3 steam dragons
  A swamp worm simulacrum (Swamp:4)
  12 vampire mosquitoes
  8 swamp worms
  A hell hound (D:14)
  16 water moccasins
  3 acid dragons
  8 hydra simulacra (Swamp:4)
  21 orc warriors
  2 sky beasts
  An ice beast (D:7)
  2 black bears
  4 ogres
  3 laughing skulls (Crypt:1)
  An ogre (shapeshifter) (D:14)
  17 centaurs
  3 wolves (Lair:3)
  A hog skeleton (Crypt:2)
  2 elf simulacra
  4 kobold brigands
  14 bullfrogs
  2 earth elementals
  A salamander skeleton (Crypt:2)
  2 scorpions
  A warg skeleton (Crypt:2)
  10 wights
  3 wyvern skeletons (Crypt:3)
  Dowan (D:5)
  A human simulacrum (Vaults:1)
  5 killer bees
  4 electric eels
  A howler monkey (D:4)
  11 jellies
  A lava snake (Volcano)
  2 hounds (D:5)
  13 orc priests
  A gnoll bouda (D:3)
  3 iguanas
  7 orc wizards
  A spriggan simulacrum (IceCv)
  A polar bear simulacrum (IceCv)
  3 gnolls
  16 adders
  A naga simulacrum (IceCv)
  2 shadow imps
  15 white imps
  2 ufetubi (IceCv)
  An iguana zombie (Crypt:1)
  An iguana skeleton (Crypt:1)
  2 dart slugs
  46 orcs
  5 ball pythons
  3 bats
  5 endoplasms
  10 goblins
  6 hobgoblins
  2 jackals (D:2)
  2 quokkas
  3 training dummies (D:4)
  2 frilled lizards (D:1)
  9 kobolds
  3 rats
1214 creatures vanquished.

Vanquished Creatures (collateral kills)
  Dissolution (Slime:1)
  2 dread liches
  An ancient lich (Zot:5)
  4 orbs of fire
  Mara (Depths:3)
  A juggernaut (Depths:3)
  Boris (twice) (Crypt:3 D:2)
  2 Killer Klowns (Zot:5)
  Bai Suzhen (Crypt:3)
  3 caustic shrikes
  Margery (Vaults:3)
  3 golden dragons
  The ghost of Etzesk the Imperceptible, a veteran TeGl of Uskayaw (Depths:2)
  An electric golem (Zot:5)
  Mlioglotl (Spider:1)
  10 Orb Guardians
  3 tentacled monstrosities
  A lich (Depths:4)
  10 acid blobs
  A deep elf master archer (Elf:3)
  3 quicksilver dragons
  2 walking divine tomes (Depths:4)
  2 deep elf blademasters
  2 death cobs
  Kirke (Lair:3)
  A sphinx (Depths:2)
  2 shadow dragons
  Donald (Swamp:1)
  The ghost of hofbold the Basher, an adept MDFi of Beogh (Spider:3)
  3 thorn hunters (Swamp:4)
  4 storm dragons
  3 revenants
  2 draconian monks
  6 azure jellies
  4 fire giants
  9 rockslimes
  2 protean progenitors
  2 frost giants (Depths:2)
  2 vault wardens (Vaults:2)
  3 draconian shifters
  An iron dragon (Depths:3)
  2 draconian scorchers
  3 emperor scorpions
  4 draconian knights
  A curse skull (Crypt:3)
  2 deep elf elementalists (Elf:3)
  A deep elf sorcerer (Elf:3)
  2 ghost moths (Spider:4)
  2 ghouls
  5 ironbound preservers
  7 stone giants
  5 draconian annihilators
  A caustic shrike skeleton (Depths:2)
  5 quicksilver oozes
  2 formless jellyfish (Slime:5)
  12 very ugly things
  2 broodmothers (Spider:2)
  An ironbound thunderhulk (Vaults:1)
  2 green draconians
  10 vampire knights
  An eleionoma (Swamp:2)
  3 deep elf annihilators
  6 white draconians
  4 deep elf demonologists (Elf:3)
  4 deep elf death magi
  3 purple draconians
  5 black draconians
  3 yellow draconians
  Azrael (D:14)
  A lorocyproca (Crypt:2)
  7 red draconians
  6 dire elephants
  2 bunyips
  6 eidola
  2 spark wasps
  A blizzard demon (Depths:3)
  4 fire dragons
  A merfolk javelineer (Depths:3)
  9 ettins
  3 yaktaur captains
  4 jiangshi
  2 deep elf high priests (Elf:3)
  An entropy weaver (Vaults:2)
  A spriggan zombie (Crypt:3)
  2 great orbs of eyes
  2 vault guards
  A rakshasa (Depths:2)
  An ogre mage (Vaults:2)
  A peacekeeper (Vaults:3)
  A fenstrider witch zombie (Crypt:3)
  9 centaur warriors
  2 ironbound frosthearts (Vaults:2)
  8 ice dragons
  2 radroaches (Spider:3)
  10 hydras
  2 spriggan air magi
  A catoblepas (Lair:5)
  A ghost crab (Swamp:1)
  7 alligators
  4 death knights
  4 boulder beetles
  19 dancing weapons
  A satyr (Zot:4)
  A jorogumo (Spider:4)
  4 death scarabs (Spider:4)
  6 deep troll earth magi
  3 two-headed ogres
  A demonic crawler (Spider:2)
  5 death yaks
  2 deep troll shamans
  An occultist (Depths:3)
  3 vampire magi
  3 tengu warriors
  A spriggan berserker (Depths:3)
  4 orc high priests
  A titan zombie (Crypt:3)
  6 deep elf knights
  2 shock serpents (Zot:2)
  7 hell knights
  2 soul eaters
  7 spriggans
  Amaemon (Lair:2)
  A storm dragon zombie (Crypt:1)
  A salamander mystic (Depths:2)
  2 sixfirhies (D:13)
  A skyshark (Lair:5)
  11 skeletal warriors
  A skyshark (shapeshifter) (Depths:3)
  2 pharaoh ants (Spider:4)
  A glowing orange brain (Depths:3)
  3 iron trolls (Depths:3)
  4 flayed ghosts
  4 goliath frogs
  3 orb spiders
  6 bog bodies
  19 deep trolls
  3 shadow demons
  A sun moth (shapeshifter) (Elf:2)
  A thermic dynamo (Elf:3)
  4 arcanists
  3 deep elf archers
  5 ironbound convokers
  5 swamp dragons (Swamp:4)
  6 deep elf zephyrmancers
  5 steelbarb worms
  15 deep elf pyromancers
  3 lindwurms
  4 necromancers
  14 phantasmal warriors
  An oklob plant (Lair:3)
  A stone giant zombie (Depths:2)
  2 orc sorcerers (Orc:1)
  An orc knight (Orc:2)
  7 wolf spiders
  14 ugly things
  4 manticores
  A will-o-the-wisp (Swamp:1)
  A salamander (Depths:2)
  2 shining eyes (Slime:5)
  10 elephants
  An elephant (shapeshifter) (D:15)
  4 black mambas
  2 meliai (D:14)
  9 moths of wrath
  An orc zombie (Crypt:3)
  5 vault sentinels
  3 kobold blastminers
  A molten gargoyle (Volcano)
  9 cane toads
  An eye of devastation (Depths:2)
  An orange demon (Lair:2)
  3 gargoyles
  A minotaur zombie (Crypt:3)
  3 spectral redbacks (Spider:4)
  2 torpor snails
  2 kobold demonologists
  13 yaktaurs
  A yaktaur zombie (Vaults:4)
  7 komodo dragons
  An anaconda simulacrum (IceCv)
  6 freezing wraiths
  2 efreet
  A yaktaur skeleton (Vaults:4)
  3 trolls
  2 ice devils (IceCv)
  A tengu conjurer (Depths:2)
  2 spectral tarantellas (Spider:4)
  A spectral culicivora (Spider:4)
  2 spectral jumping spiders (Spider:4)
  8 hornets
  A bloated husk (Swamp:3)
  A death drake zombie (Crypt:1)
  A glass eye (Slime:5)
  8 tyrant leeches
  3 polar bears (Lair:3)
  10 tarantellas
  A fire dragon zombie (Crypt:3)
  A snapping turtle (Zot:3)
  A dream sheep (shapeshifter) (Depths:3)
  A blink frog (shapeshifter) (Depths:4)
  7 dream sheep
  A tarantella zombie (Spider:4)
  A raiju (shapeshifter) (Depths:1)
  16 blink frogs
  39 slime creatures
  7 culicivoras
  A water elemental (Depths:3)
  An air elemental (Elf:2)
  6 wraiths
  9 jumping spiders
  3 basilisks
  28 yaks
  4 wyverns
  4 fire elementals
  A human (Bailey)
  2 wargs (Orc:2)
  4 golden eyes (Depths:2)
  6 vampire mosquitoes
  A swamp worm simulacrum (Swamp:4)
  13 redbacks
  An acid dragon (D:10)
  18 swamp worms
  9 hydra simulacra
  10 water moccasins
  A hell hound (D:14)
  Duvessa (D:5)
  23 orc warriors
  2 black bears (D:9)
  A swamp drake (Swamp:1)
  2 sky beasts (D:7)
  3 laughing skulls (Crypt:1)
  3 wolves (Lair:3)
  7 centaurs
  2 boggarts (Elf:1)
  A swamp dragon zombie (Crypt:2)
  4 ogres
  A phantom (D:3)
  6 bullfrogs
  A gnoll sergeant (D:7)
  3 scorpions
  5 earth elementals
  A wyvern skeleton (Crypt:3)
  10 wights
  7 killer bees
  2 nameless horrors (Lair:1)
  A howler monkey (D:10)
  2 electric eels
  A bombardier beetle (D:6)
  3 lava snakes (Volcano)
  9 jellies
  15 orc priests
  A human zombie (Crypt:1)
  A sleepcap (D:5)
  An iguana (D:6)
  8 orc wizards
  3 polar bear simulacra (IceCv)
  A spriggan simulacrum (IceCv)
  2 troll simulacra (IceCv)
  2 wolf simulacra (IceCv)
  13 gnolls
  2 adders
  3 naga simulacra (IceCv)
  2 white imps (Orc:2)
  2 ufetubi (D:6)
  6 swamp drake simulacra (Swamp:4)
  A dart slug (D:1)
  35 orcs
  2 endoplasms
  2 goblins (D:3)
  A hobgoblin (Bailey)
  A jackal (D:2)
  A ball python (D:4)
  2 frilled lizards
  A goblin skeleton (Crypt:1)
  12 kobolds
  A kobold skeleton (Crypt:1)
  2 rats
  2 aspiring fleshes
1110 creatures vanquished.

Vanquished Creatures (others)
  A storm dragon (Zot:3)
  A draconian stormcaller (Zot:3)
  A stone giant (Depths:2)
  An ironbound thunderhulk (Vaults:1)
  A black draconian (Zot:5)
  A dancing weapon (Elf:2)
  A deep elf knight (Elf:1)
  A bloated husk (Swamp:3)
  A swamp drake (Swamp:3)
  A centaur (D:15)
  A bullfrog (Lair:2)
  A wight (Crypt:3)
  66 battlemagi
  11 ancestors
  An ufetubus (IceCv)
  A kobold (D:8)
  6 foxfires
  23 snaplasher vines
120 creatures vanquished.

Grand Total: 2444 creatures vanquished

Notes
Turn   | Place    | Note
-------+----------+-------------------------------------------
     0 | D:1      | nakedcarnage the Octopode Wanderer began the quest for the
                  | Orb.
     0 | D:1      | nakedcarnage set off with the following items: a +0 dagger,
                  | a potion of attraction, a scroll of silence, a +2 hat; and
                  | the following spell memorised: Summon Small Mammal; and the
                  | following spells available to memorise: Call Canine
                  | Familiar.
     0 | D:1      | Reached XP level 1. HP: 11/11 MP: 2/2
   587 | D:1      | Reached skill level 1 in Fighting
   587 | D:1      | Reached skill level 1 in Stealth
   752 | D:1      | Reached XP level 2. HP: 18/18 MP: 3/3
  1309 | D:2      | Reached XP level 3. HP: 23/24 MP: 1/4
  1368 | D:2      | Learned a level 3 spell: Call Canine Familiar
  1653 | D:2      | Found an opulent altar of Gozag.
  1715 | D:2      | Reached XP level 4. HP: 26/30 MP: 2/5
  1956 | D:2      | Learned a level 1 spell: Sting
  2311 | D:3      | Found a faded altar of an unknown god.
  2862 | D:3      | Noticed a phantom
  2885 | D:3      | Killed a phantom
  2886 | D:3      | Reached XP level 5. HP: 18/36 MP: 3/8
  3283 | D:4      | Found Xuggun's Firing Range.
  3315 | D:4      | Bought 2 poisoned darts for 12 gold pieces
  3316 | D:4      | Noticed an ogre
  3330 | D:4      | Killed an ogre
  3331 | D:4      | Reached skill level 5 in Summonings
  3331 | D:4      | Reached XP level 6. HP: 42/42 MP: 4/9
  4125 | D:4      | Got the Enchiridion on Cold
  4138 | D:4      | Learned a level 3 spell: Summon Ice Beast
  4240 | D:4      | Reached skill level 1 in Ice Magic
  4314 | D:4      | Reached XP level 7. HP: 39/46 MP: 10/10
  4762 | D:4      | Found a staircase to the Ecumenical Temple.
  4769 | Temple   | Entered the Ecumenical Temple
  4805 | Temple   | Became a worshipper of Hepliaklqana the Forgotten
  4978 | D:5      | Entered Level 5 of the Dungeon
  5354 | D:5      | Reached XP level 8. HP: 54/54 MP: 7/11
  5809 | D:5      | Noticed Duvessa
  6211 | D:5      | Learned a level 3 spell: Ozocubu's Armour
  6361 | D:5      | Reached skill level 5 in Fighting
  7788 | D:6      | Found an opulent altar of Gozag.
  7897 | D:6      | Noticed Pikel
  7921 | D:6      | Killed Pikel
  7922 | D:6      | Reached XP level 9. HP: 61/64 MP: 8/13
  7967 | D:6      | Identified the +6 leather armour "Zeimobest" {+Blink rC+
                  | Dex-3}
  8009 | D:6      | Found a shimmering altar of Xom.
  8519 | D:7      | Reached * piety under Hepliaklqana
  8762 | D:7      | Noticed a hornet
  8781 | D:7      | Killed a hornet
  9415 | D:7      | Reached XP level 10. HP: 54/66 MP: 7/14
  9767 | D:8      | Noticed a centaur warrior
  9872 | D:8      | Noticed a two-headed ogre
  9884 | D:8      | Killed a two-headed ogre
 10066 | D:8      | Noticed a gargoyle
 10129 | D:8      | Found a viscous altar of Jiyva.
 10790 | D:8      | Identified the +0 spear of the Fifty Songs {flame, *Corrode
                  | Will++ Str-5 Int+3}
 10798 | D:8      | Reached skill level 5 in Axes
 11162 | D:8      | Noticed a boulder beetle
 11164 | D:8      | Noticed a two-headed ogre
 11608 | D:8      | Killed a two-headed ogre
 11609 | D:8      | Reached XP level 11. HP: 72/72 MP: 12/15
 11736 | D:8      | Killed a boulder beetle
 11789 | D:8      | Killed a centaur warrior
 12040 | D:8      | Noticed Jeremiah
 12141 | D:8      | Reached skill level 1 in Polearms
 12302 | D:8      | Killed Jeremiah
 12663 | D:8      | Reached ** piety under Hepliaklqana
 12664 | D:8      | Remembered your ancestor Alor as a battlemage
 13082 | D:8      | Found a viscous altar of Jiyva.
 13464 | D:5      | Killed Duvessa
 13487 | D:5      | Noticed Dowan
 13491 | D:5      | Killed Dowan
 13705 | D:9      | Found a flagged portal.
 13709 | D:9      | Identified the +7 short sword of Ufeig {protect, *Noise
                  | Will+ SInv}
 13719 | D:9      | Found a runed translucent door.
 13724 | D:9      | Noticed Pascal76's ghost (novice MiFi)
 13747 | Bailey   | Entered a bailey
 13985 | Bailey   | Noticed Prince Ribbit
 13991 | Bailey   | Noticed a vault guard
 13992 | Bailey   | Killed Prince Ribbit
 14003 | Bailey   | Killed a vault guard
 14004 | Bailey   | Reached skill level 5 in Polearms
 14004 | Bailey   | Reached skill level 5 in Ice Magic
 14096 | Bailey   | Noticed a vault guard
 14105 | Bailey   | Killed a vault guard
 14492 | D:9      | Found Aciashen's Antique Weapon Boutique.
 14594 | D:9      | Reached XP level 12. HP: 77/77 MP: 10/16
 14595 | D:9      | Noticed a two-headed ogre
 14596 | D:9      | Reached skill level 5 in Evocations
 14602 | D:9      | Killed a two-headed ogre
 14778 | D:9      | Found a staircase to the Lair.
 14904 | D:9      | Identified the +8 trident "Lagel" {flame, rPois rF+ Str-2
                  | Dex+5}
 14916 | D:9      | Noticed a seven-headed hydra
 14925 | D:9      | Killed a seven-headed hydra
 15185 | D:9      | Noticed a two-headed ogre
 15188 | D:9      | Found a radiant altar of Vehumet.
 15198 | D:9      | Killed a two-headed ogre
 15268 | D:9      | Found a bloodstained altar of Trog.
 15394 | D:9      | Found a staircase to the Orcish Mines.
 15813 | D:9      | Learned a level 2 spell: Blink
 15821 | D:9      | Learned a level 5 spell: Summon Forest
 15846 | D:10     | Entered Level 10 of the Dungeon
 15910 | D:10     | Reached *** piety under Hepliaklqana
 16195 | D:10     | Found a portal to a secret trove of treasure.
 16663 | D:10     | Learned a level 1 spell: Apportation
 16739 | D:11     | Found Tollafimn's Tremendous Tomes.
 16767 | D:11     | Noticed a two-headed ogre
 16772 | D:11     | Killed a two-headed ogre
 16773 | D:11     | Reached skill level 1 in Shields
 16849 | D:11     | Reached skill level 10 in Fighting
 16899 | D:11     | Noticed a boulder beetle
 16910 | D:11     | Killed a boulder beetle
 17029 | D:11     | Reached skill level 10 in Polearms
 17302 | Lair:1   | Entered Level 1 of the Lair of Beasts
 17302 | Lair:1   | Reached **** piety under Hepliaklqana
 17762 | Lair:1   | Reached skill level 5 in Shields
 17870 | Lair:1   | Reached XP level 13. HP: 82/82 MP: 17/17
 18691 | Lair:1   | Found the +8 whip "Snakebite" {venom, curare, rPois}
 18859 | Lair:2   | Found a staircase to the Swamp.
 18860 | Lair:2   | Found a dark tunnel.
 18965 | Volcano  | Entered a volcano
 19119 | Volcano  | Found a bloodstained altar of Trog.
 19342 | Volcano  | Reached skill level 1 in Invocations
 19716 | Lair:2   | Noticed Amaemon
 19732 | Lair:2   | Killed Amaemon
 20751 | Lair:3   | Reached XP level 14. HP: 74/90 MP: 12/18
 20819 | Lair:3   | Reached skill level 10 in Shields
 20869 | Lair:3   | Found a hole to the Spider Nest.
 20872 | Lair:3   | Identified the +5 war axe "Octopus's Doom" {elec, *Slow
                  | Str+2 Dex+4}
 21245 | Lair:3   | Gained mutation: You are dopey. (Int -2) [potion of
                  | mutation]
 21245 | Lair:3   | Gained mutation: You are frail. (-10% HP) [potion of
                  | mutation]
 21245 | Lair:3   | Gained mutation: Your spells are a little harder to cast,
                  | but a little more powerful. [potion of mutation]
 21245 | Lair:3   | Lost mutation: You are dopey. (Int -2) [potion of mutation]
 21246 | Lair:3   | Lost mutation: Your spells are a little harder to cast, but
                  | a little more powerful. [potion of mutation]
 21246 | Lair:3   | Lost mutation: You are frail. (-10% HP) [potion of
                  | mutation]
 21246 | Lair:3   | Gained mutation: You are frail. (-10% HP) [potion of
                  | mutation]
 21246 | Lair:3   | Gained mutation: Your spells are a little harder to cast,
                  | but a little more powerful. [potion of mutation]
 21247 | Lair:3   | Lost mutation: You are frail. (-10% HP) [potion of
                  | mutation]
 21247 | Lair:3   | Lost mutation: Your spells are a little harder to cast, but
                  | a little more powerful. [potion of mutation]
 21247 | Lair:3   | Gained mutation: You occasionally shout uncontrollably at
                  | your foes. [potion of mutation]
 21247 | Lair:3   | Gained mutation: You are somewhat resistant to further
                  | mutation. [potion of mutation]
 21329 | Lair:3   | Found a transporter.
 21330 | Lair:3   | Found a transporter.
 21667 | Lair:3   | Reached skill level 5 in Invocations
 22893 | Lair:4   | Reached skill level 1 in Translocations
 23002 | Lair:4   | Found a staircase to the Slime Pits.
 23991 | Lair:4   | Reached skill level 5 in Translocations
 23991 | Lair:4   | Reached XP level 15. HP: 97/97 MP: 19/21
 23993 | Lair:5   | Entered Level 5 of the Lair of Beasts
 24620 | Lair:5   | Reached XP level 16. HP: 102/102 MP: 16/23
 24622 | Lair:5   | Reached skill level 5 in Spellcasting
 24669 | Lair:5   | Reached ***** piety under Hepliaklqana
 26019 | Lair:5   | Reached skill level 10 in Summonings
 26133 | Lair:5   | Got the Guide on the Stony Crucible
 27159 | D:12     | Found Xoskident's Assorted Antiques.
 27167 | D:12     | Bought a scroll of enchant armour for 150 gold pieces
 27167 | D:12     | Bought a scroll labelled XIFFIS TAMU for 20 gold pieces
 27167 | D:12     | Bought a potion of curing for 60 gold pieces
 27190 | D:12     | Found Voys's Distillery.
 27202 | D:12     | Bought a potion of invisibility for 120 gold pieces
 27202 | D:12     | Bought a potion of lignification for 45 gold pieces
 27202 | D:12     | Bought 2 potions of might for 120 gold pieces
 27202 | D:12     | Bought a potion of might for 60 gold pieces
 27202 | D:12     | Bought a potion of degeneration for 15 gold pieces
 27202 | D:12     | Bought a potion of ambrosia for 120 gold pieces
 27202 | D:12     | Bought a potion of curing for 45 gold pieces
 27412 | D:12     | Found Leurgh's Assorted Antiques.
 27505 | D:12     | Found Ralodaq's Magic Scroll Shoppe.
 27508 | D:12     | Bought a scroll of fear for 72 gold pieces
 27508 | D:12     | Bought a scroll of fear for 72 gold pieces
 27723 | D:12     | Learned a level 4 spell: Manifold Assault
 27933 | D:13     | Acquired 878 gold pieces
 28199 | D:13     | Found a bloodstained altar of Trog.
 28225 | D:13     | Found a gate to the Vaults.
 28804 | D:12     | Bought a scroll of acquirement for 936 gold pieces
 28804 | D:12     | Acquired the ring of Tiwk {rN+ Str+6}
 29688 | D:14     | Noticed Azrael
 29693 | D:14     | Killed Azrael
 30272 | D:15     | Entered Level 15 of the Dungeon
 30632 | D:15     | Found Dadyw's Antique Armour Shoppe.
 30636 | D:15     | Found Bioquite's Weapon Boutique.
 31124 | D:15     | Found Oklocaup's Jewellery Boutique.
 31159 | D:15     | Bought a +5 ring of evasion for 396 gold pieces
 31243 | D:15     | Reached XP level 17. HP: 94/107 MP: 27/27
 31399 | D:15     | Found Owked's Armour Emporium.
 31422 | D:15     | Reached ****** piety under Hepliaklqana
 32295 | D:15     | Found a staircase to the Depths.
 32470 | Orc:1    | Entered Level 1 of the Orcish Mines
 32621 | Orc:1    | Found Keaged Lyme's Armour Shop.
 32701 | Orc:1    | Found a roughly hewn altar of Beogh.
 32968 | Orc:2    | Entered Level 2 of the Orcish Mines
 33070 | Orc:2    | Found Malug's General Store.
 33093 | Orc:2    | Noticed Jorgrun
 33094 | Orc:2    | Found a staircase to the Elven Halls.
 33096 | Orc:2    | Found a frozen archway.
 33126 | IceCv    | Entered an ice cave
 34256 | IceCv    | Learned a level 2 spell: Lesser Beckoning
 34266 | Orc:2    | Killed Jorgrun
 34485 | Orc:2    | Bought a scroll of teleportation for 51 gold pieces
 34955 | Orc:2    | Reached skill level 10 in Dodging
 35003 | Orc:2    | Found Fauhots's Assorted Antiques.
 35003 | Orc:2    | Found Suure's General Store.
 35004 | Orc:2    | Found Ibemna's Antique Weapon Shop.
 35004 | Orc:2    | Found Owkyxt's Weapon Boutique.
 35011 | Orc:2    | Bought a coral ring for 105 gold pieces
 35017 | Orc:2    | Bought a wand of iceblast (4) for 124 gold pieces
 35017 | Orc:2    | Bought a scroll of teleportation for 39 gold pieces
 35240 | D:15     | Bought a +6 ring of dexterity for 396 gold pieces
 35450 | Elf:1    | Entered Level 1 of the Elven Halls
 36605 | Elf:1    | Found a shimmering blue altar of Sif Muna.
 36924 | Elf:1    | Identified the amulet "Ifeotadi" {RegenMP rPois Str+4 Int+2
                  | Stlth-}
 38873 | Elf:1    | Got the Vellum of the Retinue
 39184 | D:15     | Bought a ring of protection from cold for 275 gold pieces
 39905 | Elf:2    | Noticed a Hell Sentinel
 40049 | Elf:2    | Reached XP level 18. HP: 118/118 MP: 28/28
 40265 | Elf:2    | Found Pes Moimovu's Jewellery Emporium.
 40358 | Elf:2    | Paralysed by an air elemental for 1 turns
 41032 | Elf:2    | Found a runed translucent gate.
 41033 | Elf:2    | Found a runed translucent gate.
 41033 | Elf:2    | Found a runed translucent gate.
 41087 | Elf:2    | Found Pes Moimovu's Jewellery Emporium.
 41664 | Elf:2    | Learned a level 5 spell: Summon Mana Viper
 41665 | Elf:3    | Entered Level 3 of the Elven Halls
 41665 | Elf:3    | Found Recyicif's Retail Resort.
 41696 | Elf:3    | Found a runed translucent door.
 41787 | Elf:3    | Reached skill level 1 in Hexes
 42004 | Elf:3    | Found Kodutt's Assorted Antiques.
 42057 | Elf:3    | Noticed an Ice Fiend
 42145 | Elf:3    | Paralysed by an air elemental for 1 turns
 42350 | Elf:3    | Identified the +0 kite shield of the Hills {rN+ rCorr}
 42350 | Elf:3    | Noticed Asterion
 42356 | Elf:3    | Reached skill level 15 in Fighting
 42368 | Elf:3    | Killed Asterion
 42943 | Elf:3    | Identified the +3 long sword of the Lamprey {flame, *Slow
                  | Str+2 Dex+7 Stlth+}
 42945 | Elf:3    | Noticed a Hell Sentinel
 43183 | Elf:3    | Identified the +4 battleaxe of Wefiatz {vamp, Will+ rCorr}
 43386 | Elf:3    | Noticed a deep elf master archer
 43402 | Elf:3    | Killed a deep elf master archer
 43403 | Elf:3    | Reached skill level 1 in Shapeshifting
 43599 | Elf:3    | Noticed a deep elf blademaster
 43608 | Elf:3    | Killed a deep elf blademaster
 43693 | Elf:3    | Identified the +2 leather armour "Soacrio" {Harm +Blink
                  | MP+9}
 43936 | Elf:3    | Noticed a deep elf blademaster
 43946 | Elf:3    | Killed a deep elf blademaster
 44010 | Elf:3    | Noticed a deep elf master archer
 44013 | Elf:3    | Identified the +5 leather armour "Poepsiad" {rPois rN+}
 44015 | Elf:3    | Killed a deep elf master archer
 44485 | Elf:3    | Identified the +1 shortbow "Higopt" {heavy, rPois rC+ MP+9
                  | Str+2}
 44524 | Elf:3    | Got the Excursus on Cloudy Fascination
 44864 | Swamp:1  | Entered Level 1 of the Swamp
 44875 | Swamp:1  | Noticed Donald
 44890 | Swamp:1  | Killed Donald
 44895 | Swamp:1  | Reached skill level 5 in Shapeshifting
 45014 | Swamp:1  | Reached XP level 19. HP: 96/125 MP: 29/29
 46469 | Swamp:3  | Acquired the +18 shield of the Gong {Loud rN+ Will+ rCorr
                  | EV-5}
 46469 | Swamp:3  | Found the +18 shield of the Gong {Loud rN+ Will+ rCorr
                  | EV-5}
 46730 | Swamp:4  | Entered Level 4 of the Swamp
 47176 | Swamp:4  | Got a decaying rune of Zot
 47242 | Swamp:4  | Identified the staff of Due Proportion {rPois rF- rN+ SInv
                  | Necro}
 47299 | Swamp:4  | Reached skill level 15 in Dodging
 47828 | Spider:1 | Entered Level 1 of the Spider Nest
 47828 | Spider:1 | Noticed Nikola
 47836 | Lair:3   | Killed Nikola
 47837 | Lair:3   | Reached skill level 10 in Shapeshifting
 48092 | Spider:1 | Noticed Kirke
 48120 | Lair:3   | Killed Kirke
 48406 | Spider:1 | Reached XP level 20. HP: 131/131 MP: 29/31
 48530 | Spider:1 | Noticed Mlioglotl
 48538 | Spider:1 | Killed Mlioglotl
 48609 | Spider:1 | Noticed Rupert
 48621 | Spider:1 | Killed Rupert
 48845 | Spider:1 | Found a runed translucent door.
 48944 | Spider:1 | Reached XP level 21. HP: 126/137 MP: 32/32
 49264 | Spider:2 | Reached skill level 15 in Summonings
 49632 | Spider:3 | Noticed hofbold's ghost (adept MDFi)
 49639 | Spider:3 | Found a runed translucent gate.
 49639 | Spider:3 | Found a runed translucent gate.
 49639 | Spider:3 | Found a runed translucent gate.
 50471 | Spider:3 | Learned a level 6 spell: Summon Cactus Giant
 50472 | Spider:4 | Entered Level 4 of the Spider Nest
 51955 | Spider:4 | Got a gossamer rune of Zot
 52487 | Spider:3 | Killed hofbold's ghost
 52538 | Spider:3 | Identified the +2 hat of Fiymaung {Rampage rPois Will+
                  | Str-4}
 52744 | D:9      | Killed Pascal76's ghost
 52831 | Vaults:1 | Entered Level 1 of the Vaults
 52936 | Vaults:1 | Identified the staff "Ymauwu" {rElec Int+2 Air}
 53064 | Vaults:1 | Found Unudigh's Assorted Antiques.
 53242 | Vaults:1 | Found Natam's Weapon Emporium.
 53250 | Vaults:1 | Bought 3 curare-tipped darts for 64 gold pieces
 53465 | Vaults:1 | Found Xeuhac's Jewellery Boutique.
 53808 | Vaults:1 | Reached XP level 22. HP: 133/152 MP: 28/34
 54864 | Vaults:2 | Got Xiyshraeh's Octavo of the Fifth Circle
 55823 | Vaults:3 | Found a staircase to the Crypt.
 56150 | Vaults:3 | Noticed Margery
 56158 | Vaults:3 | Killed Margery
 56397 | Vaults:3 | Identified the +9 battleaxe "Xykhlug" {flame, *Slow rElec
                  | rPois Int+8}
 56407 | Vaults:3 | Identified the +1 ring mail "Becich" {-Cast +Inv Str+3}
 57175 | Vaults:4 | Reached XP level 23. HP: 161/161 MP: 35/35
 57367 | Vaults:4 | Found Neg Omyo's Weapon Shoppe.
 57849 | Depths:1 | Entered Level 1 of the Depths
 57977 | Depths:1 | Found Wittun's Book Emporium.
 57981 | Depths:1 | Found Toj Fiafe's Weapon Shoppe.
 58051 | Depths:1 | Found a gateway to Hell.
 58341 | Depths:1 | Noticed a caustic shrike
 58351 | Depths:1 | Killed a caustic shrike
 58461 | Depths:1 | Found Jiuddole's Jewellery Shop.
 58464 | Depths:1 | Bought the ring "Duytt" {rF+ Will+ Int+3 Dex+2} for 817
                  | gold pieces
 59737 | Depths:2 | Found a one-way gate to the infinite horrors of the Abyss.
 59935 | Depths:2 | Found a one-way gate leading to the halls of Pandemonium.
 60041 | Depths:2 | Reached skill level 10 in Axes
 60239 | Depths:2 | Noticed a caustic shrike
 60252 | Depths:2 | Killed a caustic shrike
 60360 | Depths:2 | Found a runed translucent gate.
 60360 | Depths:2 | Found a runed translucent gate.
 60360 | Depths:2 | Found a runed translucent gate.
 60366 | Depths:2 | Found a viscous altar of Jiyva.
 60366 | Depths:2 | Noticed Etzesk's ghost (veteran TeGl)
 60366 | Depths:2 | Found the +0 mask of the Dragon {Will+ Slay+3 SInv}
 60380 | Depths:2 | Found a one-way gateway to a ziggurat.
 60741 | Depths:2 | Found the +8 longbow "Zephyr" {speed, Dex+3 SInv}
 61061 | Depths:2 | Reached skill level 10 in Invocations
 61345 | Depths:2 | Reached XP level 24. HP: 167/170 MP: 25/35
 61351 | Depths:2 | Killed Etzesk's ghost
 61403 | Depths:2 | Identified the ring of Ilogioc {Ice Fly Slay+3}
 61983 | Depths:3 | Noticed Mara
 61994 | Depths:3 | Killed Mara
 63138 | Depths:3 | Noticed a caustic shrike
 63138 | Depths:3 | Noticed a juggernaut
 63147 | Depths:3 | Killed a juggernaut
 63148 | Depths:3 | Killed a caustic shrike
 63168 | Depths:3 | Identified the amulet of Udurin {Spirit +Blink}
 63797 | Depths:3 | Learned a level 4 spell: Passage of Golubria
 63802 | Depths:3 | Learned a level 4 spell: Summon Lightning Spire
 63803 | Depths:4 | Entered Level 4 of the Depths
 64601 | Depths:4 | Found a gate to the Realm of Zot.
 64838 | Depths:4 | Reached XP level 25. HP: 136/175 MP: 27/35
 64950 | Depths:4 | Identified the +6 long sword of Irritation {heavy, rC+}
 65395 | Depths:1 | Identified the +4 scale mail of the Dripping Gods {Will+
                  | Str-2 Int+2 Stlth+}
 65524 | D:14     | Learned a level 7 spell: Monstrous Menagerie
 66007 | Vaults:1 | Bought a scroll of enchant weapon for 315 gold pieces
 66007 | Vaults:1 | Bought a potion of curing for 126 gold pieces
 66236 | Elf:2    | Bought the ring of Biarept {rPois rCorr Str+5 Stlth+} for
                  | 872 gold pieces
 66332 | Orc:2    | Bought a potion of might for 52 gold pieces
 66336 | Orc:2    | Bought a potion of might for 84 gold pieces
 66336 | Orc:2    | Bought a potion of mutation for 168 gold pieces
 66479 | D:12     | Bought a potion of might for 112 gold pieces
 66479 | D:12     | Bought a wand of digging (7) for 823 gold pieces
 66479 | D:12     | Bought a potion of lignification for 84 gold pieces
 66479 | D:12     | Bought a potion of mutation for 224 gold pieces
 66595 | Orc:2    | Bought a potion of haste for 170 gold pieces
 66653 | Elf:3    | Bought 2 potions of resistance for 260 gold pieces
 66653 | Elf:3    | Bought a scroll of revelation for 97 gold pieces
 67349 | Crypt:1  | Entered Level 1 of the Crypt
 67364 | Crypt:1  | Noticed Jory
 67383 | Crypt:1  | Killed Jory
 67400 | Crypt:1  | Identified the +0 leather armour of the Harp {*Corrode
                  | Str+2 Int+2 Dex+3}
 67445 | Crypt:1  | Reached skill level 1 in Air Magic
 68412 | Crypt:2  | Found an ancient bone altar of Kikubaaqudgha.
 68439 | Crypt:2  | Found a transporter.
 68774 | Crypt:2  | Noticed Zenata
 68783 | Crypt:2  | Killed Zenata
 68892 | Crypt:2  | Found a transporter.
 69059 | Crypt:2  | Noticed a dread lich
 69258 | Crypt:2  | Killed a dread lich
 69429 | Crypt:2  | Reached skill level 10 in Translocations
 69442 | Crypt:2  | Identified the ring of the Suburbs {Int+6 Dex+4 SInv}
 69446 | Crypt:2  | Acquired 843 gold pieces
 69458 | Crypt:2  | Identified the ring "Zip Woje" {rElec AC+4 Int+2}
 69505 | Crypt:3  | Entered Level 3 of the Crypt
 70086 | Crypt:3  | Identified the staff "Teyg" {rC+ rN+ Int+5 Necro}
 70102 | Crypt:3  | Identified the +4 robe of Kikubaaqudgha's Pride {Regen+
                  | Int+3 Dex+2}
 70102 | Crypt:3  | Noticed Boris
 70109 | Crypt:3  | Killed Boris
 70124 | Crypt:3  | Noticed Bai Suzhen
 70136 | Crypt:3  | Killed Bai Suzhen
 70227 | Crypt:3  | Found a basalt altar of Yredelemnul.
 70346 | Crypt:3  | Reached XP level 26. HP: 180/180 MP: 36/36
 70596 | Crypt:3  | Identified the ring "Lux Utor" {Str+6 Int+6 Slay+3 Stlth+}
 70718 | Crypt:3  | Reached skill level 15 in Polearms
 70883 | Crypt:3  | Found a staircase to the Tomb.
 71526 | Slime:1  | Entered Level 1 of the Pits of Slime
 71535 | Slime:1  | Reached skill level 15 in Shields
 71595 | Slime:2  | Noticed Dissolution
 71651 | Slime:1  | Killed Dissolution
 71835 | Slime:5  | Entered Level 5 of the Pits of Slime
 72255 | Slime:5  | Noticed the Royal Jelly
 72257 | Slime:5  | Found a viscous altar of Jiyva.
 72264 | Slime:5  | Killed the Royal Jelly
 72449 | Slime:5  | Identified the ring of Makhleb's Whim {Str+6 Slay+5}
 72454 | Slime:5  | Got a slimy rune of Zot
 72477 | Slime:5  | Identified the staff of the Rattlesnake {Str+7 Int-5 Dex+5
                  | Earth}
 72984 | Zot:1    | Entered Level 1 of the Realm of Zot
 73221 | Zot:1    | Noticed an orb of fire
 73228 | Zot:1    | Killed an orb of fire
 73897 | Zot:3    | Reached XP level 27. HP: 96/186 MP: 26/36
 74018 | Zot:3    | Reached skill level 5 in Stealth
 74727 | Zot:5    | Entered Level 5 of the Realm of Zot
 74737 | Zot:5    | Reached skill level 10 in Stealth
 74933 | Zot:5    | Learned a level 4 spell: Vhi's Electric Charge
 75175 | Zot:5    | Reached skill level 10 in Evocations
 75477 | Zot:5    | Noticed an orb of fire
 75479 | Zot:5    | Noticed an orb of fire
 75491 | Zot:5    | Gained mutation: You occasionally lose the ability to drink
                  | potions when taking damage. [an orb of fire]
 75492 | Zot:5    | Noticed a dread lich
 75495 | Zot:5    | Killed an orb of fire
 75569 | Zot:5    | Gained mutation: You frequently scream uncontrollably at
                  | your foes. [an orb of fire]
 75574 | Zot:5    | Killed an orb of fire
 75871 | Zot:5    | Noticed an orb of fire
 75875 | Zot:5    | Killed an orb of fire
 75887 | Zot:5    | Noticed an orb of fire
 75888 | Zot:5    | Killed a dread lich
 75888 | Zot:5    | Noticed a dread lich
 75890 | Zot:5    | Noticed an orb of fire
 75904 | Zot:5    | Killed an orb of fire
 75907 | Zot:5    | Killed a dread lich
 75911 | Zot:5    | Noticed an ancient lich
 75915 | Zot:5    | Killed an orb of fire
 75929 | Zot:5    | Killed an ancient lich
 76317 | Zot:5    | Noticed an orb of fire
 76324 | Zot:5    | Killed an orb of fire
 76508 | Zot:5    | Noticed an orb of fire
 76518 | Zot:5    | Killed an orb of fire
 76518 | Zot:5    | Noticed an ancient lich
 76521 | Zot:5    | Killed an ancient lich
 76532 | Zot:5    | Noticed an orb of fire
 76535 | Zot:5    | Noticed a dread lich
 76542 | Zot:5    | Killed an orb of fire
 76544 | Zot:5    | Killed a dread lich
 76972 | Zot:5    | Lost mutation: You occasionally lose the ability to drink
                  | potions when taking damage. [potion of mutation]
 76972 | Zot:5    | Lost mutation: You frequently scream uncontrollably at your
                  | foes. [potion of mutation]
 77075 | Zot:5    | Got the Orb of Zot
 77198 | Depths:2 | Noticed Furrek the pandemonium lord
 77255 | D:15     | Noticed Ruxokara the pandemonium lord
 77267 | D:15     | Noticed a seraph
 77498 | D:2      | Identified the +4 robe of Xeiho {rElec rF+ rC- rN+}
 77498 | D:2      | Noticed Boris
 77504 | D:2      | Killed Boris
 77563 | D:$      | Escaped with the Orb!

Illustrated notes

Levels and vault maps discovered:
D:1:      dpeg_arrival_more_subterranean_lakeside_camping, layout_basic,
          hangedman_abyss_or_decor_stabs, nrook_loot_triangle
D:2:      layout_basic, basic_altar
D:3:      layout_basic, chequers_ecumenical_altar_twisty, minivault_25,
          minmay_pentangle
D:4:      layout_cave_pools, minmay_temple_entry_enclosed_plants,
          nicolae_shop_firing_range
D:5:      layout_basic, minmay_manual_mail, uniq_duvessa
D:6:      layout_rooms, mainiacjoe_overflow_alcove_2,
          mainiacjoe_overflow_concentric_impassable, kennysheep_flooded_box,
          kb_lookout_dungeons_type, uniq_pikel
D:7:      layout_loops_ring
D:8:      minmay_the_grid_octo_2x2 [minmay_the_grid_octo_concentric,
          minmay_the_grid_octo_clover_2, minmay_the_grid_octo_focus,
          minmay_the_grid_octo_prize_big_c], layout_rooms,
          hangedman_decor_diamond_cutter, jiyva_altar_1, uniq_jeremiah
D:9:      layout_cave_pools, mainiacjoe_overflow_two_lobes,
          grunt_lair_entry_orc_guard_hut, david_orc_1_choice,
          serial_column_ruins, column_ruins_hut_pillars, column_ruins_hut,
          column_ruins_corridor_straight, column_ruins_open_tiny,
          column_ruins_columns_straight, column_ruins_corridor_T,
          column_ruins_grid_1, column_ruins_columns_water,
          ebering_ghost_reflecting_pool, serial_shops,
          nicolae_shop_overgrown_old_shop, enter_bailey_2,
          minmay_misc_feat_alley, serial_library_hellmonk_statue_hall,
          serial_library_hellmonk_layered_room, kennysheep_generic_room_6
D:10:     layout_long_grid, enter_trove_1, hex_medium
D:11:     layout_rooms, nicolae_shop_i_like_big_books
D:12:     layout_irregular_city, serial_shops, shop, nicolae_shop_rolled_up,
          shop, shop
D:13:     layout_basic, david_vaults_2, bloody_trog
D:14:     layout_loops_corners, grunt_decor_mini_mirrors, grunt_ministairs_7,
          uniq_azrael
D:15:     hellmonk_depths_entry_around_the_bend, layout_irregular_city,
          serial_shops, nicolae_shop_tiny_waterfront, shop, shop_fountains,
          shop, bh_walls_and_bars
Temple:   mainiacjoe_temple_bowtie_tessellation
Lair:1:   minmay_guarded_unrand_snakebite, layout_cave_pods
Lair:2:   layout_chaotic_city, nicolae_swamp_entry_splash_gauntlet,
          nicolae_volcano_entry_batcave, dreamdust_mushroom_princess,
          uniq_amaemon
Lair:3:   gammafunk_boulding_lane, layout_gridlike, dummy_spider_entry,
          nzn_random_ring
Lair:4:   layout_roguey, minmay_slime_entry_jelly_boxes, grunt_megastairs_1
Lair:5:   hangedman_lair_in_review, layout_cellular_growth, lemuel_fruit_tree,
          serial_bayou_shore_b
Swamp:1:  layout_basic_swamp, evilmike_swamp_ruin_house_1, uniq_donald
Swamp:2:  layout_basic_swamp, evilmike_swamp_ruin_rubble_1, swamp_pool_4,
          nicolae_swamp_stuck_in_the_mud, infiniplex_staircase_pool
Swamp:3:  layout_basic_swamp, evilmike_swamp_ruin_rubble_2, swamp_pool_1_2,
          nicolae_swamp_vermiculated
Swamp:4:  swamp_icy, layout_basic_swamp, swamp_pool_3
Spider:1: cheibrodos_spider_deadly_dance, nicolae_spider_spiderdrome,
          uniq_rupert, uniq_mlioglotl, uniq_nikola, uniq_kirke
Spider:2: layout_spider_delve
Spider:3: layout_spider_delve, gammafunk_ghost_split,
          hangedman_spider_tarantella_strand
Spider:4: floodkiller_spider_rune_tomb
Slime:1:  layout_caves
Slime:2:  layout_caves, uniq_dissolution
Slime:3:  layout_caves
Slime:4:  nicolae_slime_pool, layout_caves,
          nicolae_slime_ancient_tower_intersection
Slime:5:  slime_pit_nicolae_royal_road_to_ruin
Orc:1:    layout_caves, serial_shops, nicolae_shop_hallway_plus, basic_altar
Orc:2:    st_orc_pillars, layout_caves, serial_shops, shop,
          portal_ice_cave_entry_imps, uniq_jorgrun
Elf:1:    layout_loops_ring, nicolae_elf_blasts_and_bolts,
          hangedman_summoners_spam
Elf:2:    nicolae_elf_blades_splatter_lattice [nicolae_blade_tridents],
          layout_geoelf_diagonals, serial_shops, shop, minmay_misc_feat_pillars,
          nicolae_twisting_strands, serial_sigils_hangedman_quiver,
          grunt_ministairs_2, lemuel_flame_loot_1
Elf:3:    grunt_elf_hall_asides, layout_gridlike, serial_shops,
          nicolae_shop_hallway_plus, nicolae_alphabet_shops, minivault_13,
          uniq_asterion
Vaults:1: nicolae_vaults_arrows, nicolae_vaults_diffraction_hallways,
          nicolae_vaults_diamond_2, ontoclasm_vaults_eye, vaults_room_fours,
          nicolae_vaults_wrenched, nicolae_vaults_trapezoid_3,
          nicolae_vaults_asterisk, nicolae_vaults_mini_display_case,
          layout_vaults_omnigrid, serial_shops, nicolae_shop_gibbet_a_chance,
          shop, shop
Vaults:2: nicolae_vaults_turnstiles, hangedman_vaults_stretched_pinwheel,
          vaults_mumra_lcd, hangedman_vaults_nails,
          nicolae_vaults_shrinking_rooms_2, nicolae_vaults_lightning_bolt,
          nicolae_vaults_library_corner, nicolae_vaults_little_squares_3,
          nicolae_vaults_tetromino_T_2, layout_vaults_chaotic_city
Vaults:3: minmay_crypt_entry_simple_corners, vaults_room_door_hall, v_misc_23,
          nicolae_vaults_network_s, nicolae_vaults_little_squares_3, v_misc_24,
          nicolae_vaults_bisected_slash, vaults_dpeg_hooks,
          nicolae_vaults_apartment_1, layout_vaults_maze_snakey, uniq_margery
Vaults:4: nicolae_vaults_offset_grid_hallway_3, nicolae_vaults_trapezoid_4,
          ontoclasm_vaults_ligature, hangedman_vaults_pinch,
          nicolae_vaults_angled_halls, nicolae_vaults_network_barrier,
          v_alt_pattern_1, nicolae_vaults_big_ls, ontoclasm_vaults_shuriken,
          grunt_vaults_diagonal, v_alt_pattern_4, ontoclasm_vaults_gateway,
          v_misc_25, v_alt_pattern_2, nicolae_vaults_trapezoid_2,
          vaults_room_semicircle, layout_vaults_omnibox, serial_shops,
          nicolae_shop_mannequins
Crypt:1:  layout_catacombs, st_stairs_9, lemuel_nasty_fountain, uniq_jory
Crypt:2:  gammafunk_its_a_trap, layout_chaotic_city, basic_altar,
          nicolae_crypt_smalloseum, uniq_zenata
Crypt:3:  evilmike_haunted_forest, uniq_boris, uniq_bai_suzhen
Depths:1: layout_honeycomb, kennysheep_boxes, serial_shops, shop, hell_entry,
          kilobyte_rumbling_trees, minmay_shoptagon, serial_bayou_shore_b
Depths:2: nzn_winding_woodlands_stair_cross
          [nzn_winding_woodlands_5x15_sawtooth,
          nzn_winding_woodlands_center_pierced_h,
          nzn_winding_woodlands_5x15_garden,
          nzn_winding_woodlands_5x5_perimeter,
          nzn_winding_woodlands_5x5_closed_star,
          nzn_winding_woodlands_5x15_default,
          nzn_winding_woodlands_center_triple_pond,
          nzn_winding_woodlands_5x15_jagged], layout_basic, enter_ziggurat_e,
          hell_entry, gammafunk_ghost_ooze, minmay_misc_feat_nine_boxes,
          rand_demon_pan_entry_9, abyss_entry
Depths:3: lemuel_traditional_vault, layout_gridlike, minmay_splitting_lines,
          grunt_hell_entry_dis_mu, nicolae_abyss_entry_one_way_or_another,
          rand_demon_pan_entry_4, minmay_misc_feat_hallway, uniq_mara
Depths:4: grunt_zot_entry_bicorn, layout_gridlike, hell_entry, chequers_jeans,
          minmay_pinched_square
Zot:1:    kennysheep_ambush_hall, layout_misc_corridors, gammafunk_ghost_crypt,
          regret_index_zotdec_tunneler
Zot:2:    layout_cellular_growth, grunt_ministairs_8
Zot:3:    layout_onion
Zot:4:    layout_onion_interference, st_stairs_4, grunt_megastairs_3
Zot:5:    layout_onion

Skill      XL: |  1  2  3  4  5  6  7  8  9 10 11 12 13 14 15 16 17 18 19 20 21 22 23 24 25 26 27 |
---------------+----------------------------------------------------------------------------------+-----
Fighting       | 1 2 3 4 7 9 10 11 12 14 15 19 20 21 22 | 22.0
Stealth        | 1 2 3 10 | 10.2
Spellcasting   | 2 3 4 7 8 9 |  9.0
Summonings     | 4 5 8 10 11 13 14 16 17 | 17.9
Ice Magic      | 2 3 4 5 |  5.0
Dodging        | 6 8 11 13 15 16 17 21 22 | 22.5
Evocations     | 3 4 5 14 | 14.7
Axes           | 8 9 10 13 | 13.7
Polearms       | 6 10 12 13 14 15 | 15.9
Shields        | 5 9 10 11 12 13 14 15 | 15.0
Invocations    | 4 5 7 10 11 | 11.0
Translocations | 5 8 10 | 10.0
Hexes          | 3 |  3.0
Shapeshifting  | 5 10 11 12 13 | 13.0
Air Magic      | 3 |  3.5

Action                     |  1- 3 |  4- 6 |  7- 9 | 10-12 | 13-15 | 16-18 | 19-21 | 22-24 | 25-27 || total
---------------------------+-------+-------+-------+-------+-------+-------+-------+-------+-------++-------
  Melee: Dagger            |    55 |    74 |   134 |       |       |       |       |       |       ||   263
         Tentacles         |    14 |    19 |    37 |    62 |   116 |   196 |   191 |   521 |   439 ||  1595
         Constrict         |    12 |    17 |    36 |    43 |    38 |    86 |    91 |    91 |   129 ||   543
         Short sword       |       |     5 |     3 |    10 |       |       |       |       |       ||    18
         Broad axe         |       |       |       |    59 |       |       |       |       |       ||    59
         Trident           |       |       |       |   256 |   486 |   970 |   778 |  1510 |  1269 ||  5269
         Whip              |       |       |       |       |       |     2 |       |       |       ||     2
         Maw               |       |       |       |       |       |       |   161 |   660 |   484 ||  1305
  Throw: Dart              |       |       |     9 |    18 |    17 |     8 |       |     1 |       ||    53
         Throwing net      |       |       |       |     1 |       |       |       |       |       ||     1
   Cast: Summon Small Mamm |    39 |    23 |       |       |       |       |       |       |       ||    62
         Call Canine Famil |       |    10 |    25 |    33 |    19 |    46 |    13 |       |       ||   146
         Summon Ice Beast  |       |       |    40 |    44 |    31 |    54 |    15 |     1 |       ||   185
         Ozocubu's Armour  |       |       |       |     3 |     8 |    11 |     2 |     6 |     2 ||    32
         Summon Forest     |       |       |       |       |       |    32 |    25 |    14 |    32 ||   103
         Apportation       |       |       |       |       |       |     6 |     1 |       |     2 ||     9
         Summon Cactus Gia |       |       |       |       |       |       |       |     4 |    17 ||    21
         Summon Mana Viper |       |       |       |       |       |       |       |     3 |    18 ||    21
         Blink             |       |       |       |       |       |       |       |     2 |     1 ||     3
         Monstrous Menager |       |       |       |       |       |       |       |       |     7 ||     7
         Vhi's Electric Ch |       |       |       |       |       |       |       |       |     2 ||     2
 Invoke: Recall Ancestor   |       |       |       |    10 |     9 |    29 |     6 |     4 |    10 ||    68
         Ancestor Life: Ba |       |       |       |     1 |       |       |       |       |       ||     1
         Idealise          |       |       |       |       |     3 |    11 |     5 |     7 |    12 ||    38
  Evoke: Wand              |       |       |     2 |    10 |     9 |     4 |     7 |       |     3 ||    35
         Lightning rod     |       |       |       |       |       |     3 |     3 |       |       ||     6
         Condenser vane    |       |       |       |       |       |       |       |     1 |       ||     1
    Use: Scroll            |       |     3 |     4 |    20 |    13 |    14 |     5 |     9 |    27 ||    95
         Potion            |       |       |       |     5 |     4 |     3 |     3 |       |    17 ||    32
   Stab: Sleeping          |     4 |     8 |     2 |     7 |     9 |    11 |    18 |    16 |    13 ||    88
         Distracted        |     1 |       |     2 |    10 |    10 |    30 |    29 |    47 |    55 ||   184
         Paralysed         |       |       |       |     8 |       |     4 |       |       |       ||    12
         Invisible         |       |       |       |       |       |       |       |       |     4 ||     4
 Armour: Skin              |    22 |    22 |    42 |   128 |   121 |   168 |   100 |   182 |   181 ||   966
  Dodge: Dodged            |    23 |    66 |    97 |   244 |   125 |   206 |   279 |   673 |   468 ||  2181
  Block: Other             |       |     2 |       |       |       |       |       |       |       ||     2
         Kite shield       |       |       |       |    20 |   228 |   317 |   377 |   769 |   640 ||  2351
         Reflection        |       |       |       |       |       |       |       |     8 |    14 ||    22
   Form: Maw               |       |       |       |       |       |       |     1 |       |       ||     1

Table legend: (Time is in decaauts)
 A = Elapsed time spent in this place.
 B = Non-inter-level travel time spent in this place.
 C = Inter-level travel time spent in this place.
 D = Time resting spent in this place.
 E = Time spent auto-exploring this place.
 F = Levels seen in this place.
 G = Mean time per level.
                   A        B        C        D        E       F      G
               +--------+--------+--------+--------+--------+-----+--------+
         Total |  76023 |  67974 |   8049 |  23527 |  29485 |  58 | 1310.7 |
       Dungeon |  25195 |  21518 |   3677 |   8444 |   9093 |  15 | 1679.7 |
        Temple |     69 |      2 |     67 |      0 |      0 |   1 |   69.0 |
          Lair |   9630 |   8958 |    672 |   3260 |   4035 |   5 | 1926.0 |
         Swamp |   2822 |   2634 |    188 |    350 |   1552 |   4 |  705.5 |
   Spider Nest |   4202 |   3749 |    453 |    897 |   1950 |   4 | 1050.5 |
    Slime Pits |   1025 |    899 |    126 |    368 |     14 |   5 |  205.0 |
  Orcish Mines |   1812 |   1302 |    510 |    194 |    665 |   2 |  906.0 |
   Elven Halls |   9474 |   8911 |    563 |   4843 |   2492 |   3 | 3158.0 |
        Vaults |   5264 |   4559 |    705 |    227 |   3347 |   4 | 1316.0 |
         Crypt |   3728 |   3350 |    378 |    346 |   2144 |   3 | 1242.7 |
        Depths |   6795 |   6208 |    587 |   1287 |   3597 |   4 | 1698.8 |
           Zot |   3985 |   3868 |    117 |   2167 |    545 |   5 |  797.0 |
        Bailey |    418 |    418 |      0 |    182 |     50 |   1 |  418.0 |
      Ice Cave |   1099 |   1099 |      0 |    722 |      0 |   1 | 1099.0 |
       Volcano |    497 |    497 |      0 |    235 |      0 |   1 |  497.0 |
               +--------+--------+--------+--------+--------+-----+--------+

Top non-repeatable levels by time:
   Elf:1: 4288 daAuts
   Elf:3: 2867 daAuts
     D:5: 2756 daAuts
  Lair:5: 2714 daAuts
    D:15: 2696 daAuts
     D:7: 2641 daAuts
  Lair:3: 2612 daAuts
     D:9: 2497 daAuts
   Elf:2: 2319 daAuts
     D:8: 2297 daAuts
Depths:3: 2266 daAuts
   Zot:5: 2254 daAuts
    D:14: 1802 daAuts
Vaults:1: 1787 daAuts
  Lair:2: 1770 daAuts
